 Dungeon Crawl Stone Soup version 0.23.2 (webtiles) character file.

Game seed: 10672002888993858857

324 Borgoz the Cutter (level 6, -1/43 HPs)
             Began as a Halfling Berserker on Apr 10, 2019.
             Was a Priest of Trog.
             Slain by an orc
             ... wielding a +0 flail
              (8 damage)
             ... on level 4 of the Dungeon.
             The game lasted 00:05:29 (2615 turns).

Borgoz the Cutter (Halfling Berserker)              Turns: 2615, Time: 00:05:31

Health: -1/43      AC:  3    Str: 18    XL:     6   Next: 78%
Magic:  6/6        EV: 16    Int:  5    God:    Trog [***...]
Gold:   186        SH:  0    Dex: 16    Spells: 5/5 levels left

rFire    . . .     SeeInvis .   a - +12 dagger "Ocueno" {freeze, rPois}
rCold    . . .     Gourm    .   (shield restricted)
rNeg     . . .     Faith    .   l - +0 animal skin
rPois    +         Spirit   .   (no helmet)
rElec    .         Reflect  .   t - +0 cloak
rCorr    .         Harm     .   (no gloves)
MR       .....                  (no boots)
Stlth    ++........             f - amulet of regeneration
HPRegen  0.54/turn              (no ring)
MPRegen  0.10/turn              (no ring)

@: invisible
A: small, mutation resistance 1
a: Berserk, Trog's Hand, Renounce Religion


You were on level 4 of the Dungeon.
You worshipped Trog.
Trog was most pleased with you.
You were not hungry.

You visited 1 branch of the dungeon, and saw 4 of its levels.

You collected 186 gold pieces.

Inventory:

Hand Weapons
 a - the +12 dagger "Ocueno" (weapon) {freeze, rPois}
   (You found it on level 4 of the Dungeon)

   It has been specially enchanted to freeze those struck by it, causing extra
   injury to most foes and up to half again as much damage against particularly
   susceptible opponents.
   It can also slow down cold-blooded creatures.
   It protects you from poison.
 b - a +2 dagger of venom
Armour
 l - a +0 animal skin (worn)
 t - a +0 cloak (worn)
Jewellery
 f - an amulet of regeneration (around neck)
Wands
 k - a wand of polymorph (8)
 o - a wand of flame (4)
 v - a wand of enslavement (10)
Scrolls
 d - a scroll of fog {unknown}
 g - a scroll of remove curse {unknown}
 q - 5 scrolls of teleportation {unknown}
 u - 2 scrolls of magic mapping {unknown}
Potions
 e - a potion of lignification
 h - a potion of brilliance
 i - 3 potions of flight
 j - a potion of curing {unknown}
 m - a potion of agility
 n - a potion of mutation
 p - a potion of haste {unknown}
 r - a potion of resistance
Comestibles
 c - 5 rations
 w - 2 chunks of flesh


   Skills:
 * Level 3.8 Fighting
 * Level 5.1 Short Blades
 * Level 3.9 Armour
 * Level 3.8 Dodging
 + Level 2.0 Stealth


You had 5 spell levels left.
You didn't know any spells.
Your spell library was empty.

Dungeon Overview and Level Annotations

Branches:
Dungeon (4/15)
 Temple: D:4-7

Altars:
Gozag
Qazlal


Innate Abilities, Weirdness & Mutations

You are small and have problems with some larger weapons.
You are somewhat resistant to further mutation.


Message History

Beogh smites you!
You puncture the scorpion! You freeze the scorpion.
The scorpion is severely wounded.
The scorpion closely misses you.
You closely miss the scorpion.
The scorpion is severely wounded.
The orc hits you with a +0 flail!
The orc priest calls down the wrath of Beogh upon you.
Pain shoots through your body! The scorpion barely misses you.
You hit the scorpion. You freeze the scorpion.
The scorpion is severely wounded.
The orc hits you with a +0 flail! The scorpion stings you!
* * * LOW HITPOINT WARNING * * *
You are too injured to fight recklessly!
You are too injured to fight recklessly!
You are too injured to fight recklessly!
It was a potion of invisibility.
You fade into invisibility!
The scorpion barely misses you. The orc hits you with a +0 flail!
You die...

##.# ## #..## ##.##...# #.......#
####.......# #..###..#..####
#.....###.#...##
######......##......##
###...#........#@.......
#..............so.......
#...................#..#
.........#.........o# .#
.........##........... #
........####...#..#....
.........# ..####.###..#.........
....##.#####..##..#....##..<.....
>...##...###..........###........


You could see a scorpion, an orc priest and an orc.

Vanquished Creatures
  A hound (D:4)
  A centaur skeleton (D:3)
  Crazy Yiuf (D:3)
  An iguana (D:4)
  Ijyb (D:3)
  A worker ant (D:4)
  10 adders
  An ooze (D:1)
  2 worms
  A leopard gecko (D:3)
  2 orcs (D:4)
  A giant cockroach (D:4)
  8 goblins
  10 hobgoblins
  6 jackals (D:3)
  5 bats
  7 frilled lizards
  2 kobolds (D:3)
  7 rats
68 creatures vanquished.

Vanquished Creatures (others)
  2 plants (D:4)
2 creatures vanquished.

Grand Total: 70 creatures vanquished

Notes
Turn   | Place    | Note
-------+----------+-------------------------------------------
     0 | D:1      | Borgoz the Halfling Berserker began the quest for the Orb.
     0 | D:1      | Reached XP level 1. HP: 15/15 MP: 1/1
   164 | D:1      | Reached XP level 2. HP: 17/20 MP: 2/2
   704 | D:2      | Reached skill level 4 in Short Blades
   704 | D:2      | Reached XP level 3. HP: 20/25 MP: 3/3
   825 | D:2      | Reached skill level 1 in Stealth
   909 | D:2      | Found a faded altar of an unknown god.
  1042 | D:2      | Reached XP level 4. HP: 28/31 MP: 4/4
  1410 | D:3      | Noticed Ijyb
  1426 | D:3      | Killed Ijyb
  1426 | D:3      | Reached ** piety under Trog
  1611 | D:3      | Reached XP level 5. HP: 24/36 MP: 5/5
  2060 | D:3      | Found a runed translucent door.
  2061 | D:3      | Noticed Crazy Yiuf
  2207 | D:3      | Reached XP level 6. HP: 41/42 MP: 6/6
  2277 | D:3      | Killed Crazy Yiuf
  2405 | D:4      | Reached *** piety under Trog
  2405 | D:4      | Reached skill level 5 in Short Blades
  2412 | D:4      | Got an ichor-stained dagger
  2413 | D:4      | Identified the +12 dagger "Ocueno" {freeze, rPois} (You
                  | found it on level 4 of the Dungeon)
  2453 | D:4      | Found a stormy altar of Qazlal.
  2528 | D:4      | Found an opulent altar of Gozag.
  2615 | D:4      | Slain by an orc

Skill      XL: |  1  2  3  4  5  6 |
---------------+-------------------+-----
Short Blades   | 4 5 |  5.1
Fighting       | 3 |  3.8
Stealth        | 1 2 |  2.0
Armour         | 3 |  3.9
Dodging        | 3 |  3.8

Action                   |  1- 3 |  4- 6 || total
-------------------------+-------+-------++-------
Melee: Short sword       |    76 |       ||    76
       Dagger            |    11 |   135 ||   146
       Unarmed           |       |    11 ||    11
Invok: Berserk           |       |     3 ||     3
  Use: Scroll            |     2 |     5 ||     7
       Potion            |       |     1 ||     1
 Stab: Sleeping          |     2 |     5 ||     7
       Confused          |       |     1 ||     1
  Eat: Chunk             |       |     9 ||     9
Armor: Animal skin       |     9 |    15 ||    24
       Skin              |       |     1 ||     1
Dodge: Dodged            |    54 |    97 ||   151
